 Dungeon Crawl Stone Soup version 0.31-a0-700-gf13585253f (webtiles) character file.

Game seed: 1505694923694924613

183 qw the Shooter (level 5, -14/33 HPs)
             Began as a Gargoyle Hunter on Sept 7, 2023.
             Was an Initiate of Okawaru.
             Demolished by an ogre
             ... wielding a +0 giant club
              (16 damage)
             ... on level 4 of the Dungeon.
             The game lasted 00:00:59 (2633 turns).

qw the Shooter (Gargoyle Hunter)                    Turns: 2633, Time: 00:01:00

Health: -14/33     AC: 11    Str: 15    XL:     5   Next: 62%
Magic:  5/5        EV: 11    Int:  9    God:    Okawaru [......]
Gold:   30         SH:  0    Dex: 15    Spells: 4/4 levels left

rFire   . . .        Y - +0 shortbow
rCold   + . .        (shield currently unavailable)
rNeg    + . .        c - +0 leather armour
rPois   inf          (no helmet)
rElec   +            (no cloak)
rCorr   .            (no gloves)
SInv    .            (no boots)
Will    .....        (no amulet)
Stlth   ++           a - +4 ring of protection
HPRegen 0.25/turn    i - ring of protection from cold
MPRegen 0.09/turn

%: no passive effects
@: no status effects
A: sickness immunity, AC +4, negative energy resistance 1, electricity
resistance, torment resistance 1, petrification resistance
a: Renounce Religion


You were on level 4 of the Dungeon.
You worshipped Okawaru.
Okawaru was noncommittal.
You visited 1 branch of the dungeon, and saw 4 of its levels.

You collected 30 gold pieces.


Innate Abilities, Weirdness & Mutations

You are immune to sickness and miasma.
Your stone body is resilient. (AC +4)
You are immune to poison.
You resist negative energy. (rN+)
You are resistant to electric shocks. (rElec)
You are resistant to unholy torment.
You are immune to petrification.


   Skills:
 + Level 3.6 Fighting
 - Level 6.1 Ranged Weapons
 - Level 1.5 Dodging
 - Level 1.1 Stealth


You had 4 spell levels left.
You didn't know any spells.
Your spell library was empty.

Inventory:

Hand Weapons
 Y - a +0 shortbow (weapon)
Armour
 c - a +0 leather armour (worn)
Jewellery
 a - a +4 ring of protection (left hand)
 i - a ring of protection from cold (right hand)
Scrolls
 g - a scroll of identify
Potions
 b - a potion of cancellation
 e - a potion of haste {unknown}
 f - a potion of might {unknown}
 h - a potion of attraction {unknown}
 k - a potion of magic {unknown}
 m - a potion of ambrosia {unknown}

Dungeon Overview and Level Annotations

Branches:
Dungeon (4/15)
 Temple: D:4-7

Altars:
Makhleb
Nemelex Xobeh
Okawaru
Uskayaw
Xom
Zin
The Shining One

Shops:
D:2 (


Message History

The arrow barely misses the ogre.
The endoplasm closely misses you.
You shoot an arrow.
The arrow hits the endoplasm but does no damage.
The endoplasm freezes you.
You are frozen.
You resist.
You shoot an arrow.
The arrow hits the endoplasm but does no damage.
The endoplasm freezes you.
You are frozen.
You resist. The endoplasm freezes you.
You are frozen.
You resist.
You shoot an arrow. The arrow barely misses the endoplasm.
The arrow hits the ogre.
The ogre is lightly wounded.
The endoplasm closely misses you.
You shoot an arrow. The arrow hits the endoplasm.
The endoplasm is moderately wounded.
The endoplasm freezes you.
You are frozen.
You resist.
You shoot an arrow. The arrow hits the endoplasm!
You kill the endoplasm!
Okawaru accepts your kill.
You shoot an arrow. The arrow hits the ogre!
The ogre is heavily wounded.
The ogre hits you with a +0 giant club.
You shoot an arrow. The arrow hits the ogre!
The ogre is severely wounded.
The ogre hits you with a +0 giant club!!
Ouch! That really hurt!
2631 ||| DRINKING potion of heal wounds.
You feel much better.
You shoot an arrow. The arrow hits the ogre.
The ogre is severely wounded.
The ogre hits you with a +0 giant club!!
Ouch! That really hurt!
You shoot an arrow. The arrow hits the ogre.
The ogre is almost dead.
The ogre hits you with a +0 giant club!
You die...

#..........#
#..........# .
#..........# <.
#..........#####.#
#..............#.#
#####.#####....#.#
###..# #......#
##...######.....##
#####..####..@Oo....#
#.........).###.)...#
#.<...####### #....!#
#..>..# #####)#
#.....# #)# #.....#
#O. #.....# #.o.
#.....# #.#.. #.....#
#.....


You could see an ogre and an orc.

Vanquished Creatures
  An orc priest (D:4)
  Natasha (D:2)
  An orc wizard (D:4)
  An adder (D:4)
  2 worms (D:2)
  7 dart slugs
  2 orcs (D:4)
  9 ball pythons
  10 endoplasms
  4 giant cockroaches
  2 goblins (D:1)
  5 hobgoblins
  5 jackals
  2 quokkas (D:1)
  4 bats
  4 frilled lizards
  8 kobolds
  4 rats (D:1)
72 creatures vanquished.

Notes
Turn   | Place    | Note
-------+----------+-------------------------------------------
     0 | D:1      | qw the Gargoyle Hunter began the quest for the Orb.
     0 | D:1      | Reached XP level 1. HP: 12/12 MP: 1/1
     0 | D:1      | 0 ||| qw: Version: 0.3-a-76-g4403597
     0 | D:1      | 0 ||| qw: Game counter: 484
     0 | D:1      | 0 ||| qw: Melee chars always use a shield: true
     0 | D:1      | 0 ||| qw: God list: Okawaru
     0 | D:1      | 0 ||| qw: Allow faded altars: false
     0 | D:1      | 0 ||| qw: Do Orc after clearing Dungeon:15 true
     0 | D:1      | 0 ||| qw: Do second Lair branch before Depths: true
     0 | D:1      | 0 ||| qw: Lair rune preference: random
     0 | D:1      | 0 ||| qw: Goals: Normal
     0 | D:1      | 0 ||| PLANNING D:1-11
     6 | D:1      | 6 ||| DROPPING scroll of butterflies.
   102 | D:1      | Reached XP level 2. HP: 17/17 MP: 2/2
   459 | D:1      | Reached XP level 3. HP: 21/21 MP: 3/3
   491 | D:1      | Reached skill level 5 in Ranged Weapons
   953 | D:1      | 953 ||| READING scroll labelled RIGU YTARPHO.
   954 | D:1      | 954 ||| READING scroll labelled QIXKYPS VISHRE.
   955 | D:1      | 955 ||| READING 3 scrolls labelled UWUEWKAUJI.
   956 | D:1      | 956 ||| READING 2 scrolls of identify.
   956 | D:1      | 956 ||| IDENTIFYING bubbling grey potion
   995 | D:2      | 995 ||| STAIRDANCE
  1090 | D:2      | Found an iron altar of Okawaru.
  1091 | D:2      | 1091 ||| PLANNING OKAWARU WORSHIP
  1091 | D:2      | 1091 ||| UPGRADING to +4 ring of protection.
  1099 | D:2      | Became a worshipper of Warmaster Okawaru
  1100 | D:2      | 1100 ||| PLANNING D:1-11
  1179 | D:2      | Reached skill level 3 in Fighting
  1206 | D:2      | Found Canofyu's Weapon Boutique.
  1212 | D:2      | Reached XP level 4. HP: 28/28 MP: 4/4
  1489 | D:2      | Found a faded altar of an unknown god.
  1552 | D:2      | Noticed Natasha
  1557 | D:2      | Killed Natasha
  1817 | D:2      | 1817 ||| UPGRADING to ring of protection from cold.
  1818 | D:2      | 1818 ||| READING scroll labelled MERAEL PUARIS.
  1819 | D:2      | 1819 ||| READING scroll labelled ENWIOT BOAHU.
  1823 | D:2      | 1823 ||| DRINKING 3 bubbling red potions.
  1886 | D:3      | Found a burning altar of Makhleb.
  1891 | D:3      | Noticed a blizzard demon
  1894 | D:3      | Found a glowing silver altar of Zin.
  1894 | D:3      | Noticed an angel
  1970 | D:3      | Found a hide-covered altar of Uskayaw.
  1977 | D:3      | Found a sparkling altar of Nemelex Xobeh.
  1980 | D:3      | Found a shimmering altar of Xom.
  1980 | D:3      | Found a glowing golden altar of the Shining One.
  1987 | D:3      | Found an iron altar of Okawaru.
  2548 | D:3      | 2548 ||| DROPPING ring of wizardry.
  2549 | D:3      | 2549 ||| DRINKING 2 puce potions.
  2594 | D:4      | Reached XP level 5. HP: 32/32 MP: 5/5
  2594 | D:4      | 2594 ||| RETREATING.
  2596 | D:4      | Noticed an ogre
  2599 | D:4      | Reached skill level 6 in Ranged Weapons
  2610 | D:4      | 2610 ||| FLEEEEING.
  2611 | D:4      | 2611 ||| FLEEEEING.
  2612 | D:4      | 2612 ||| FLEEEEING.
  2613 | D:4      | 2613 ||| FLEEEEING.
  2614 | D:4      | 2614 ||| FLEEEEING.
  2615 | D:4      | 2615 ||| FLEEEEING.
  2616 | D:4      | 2616 ||| DRINKING 2 potions of curing.
  2616 | D:4      | 2616 ||| (to cure confusion)
  2619 | D:4      | 2619 ||| DRINKING potion of curing.
  2619 | D:4      | 2619 ||| (to cure confusion)
  2630 | D:4      | HP: 3/33 [ogre/+0 giant club (25)]
  2631 | D:4      | 2631 ||| DRINKING potion of heal wounds.
  2633 | D:4      | Demolished by an ogre

Levels and vault maps discovered:
D:1:      spicycebolla_green_bress_n_ham, layout_loops_corners
D:2:      layout_loops_ring, basic_ecumenical_altar, serial_shops,
          nicolae_shop_bloodbath_and_beyond, basic_altar,
          minmay_stone_trees_small, minmay_misc_feat_roman,
          nicolae_underground_beach, uniq_natasha
D:3:      layout_basic, grunt_temple_overflow_order_and_chaos_2,
          nicolae_overflow_hallway_of_the_gods, kennysheep_generic_room_9
D:4:      layout_rooms

Skill      XL: |  1  2  3  4  5 |
---------------+----------------+-----
Ranged Weapons | 5 6 |  6.1
Fighting       | 3 |  3.6
Dodging        | |  1.5
Stealth        | |  1.1

Action                     |  1- 3 |  4- 6 || total
---------------------------+-------+-------++-------
   Fire: Shortbow          |   142 |   102 ||   244
    Use: Scroll            |     4 |     2 ||     6
         Potion            |       |     5 ||     5
 Armour: Leather armour    |    32 |    27 ||    59
  Dodge: Dodged            |    36 |    13 ||    49

Table legend:
 A = Non-vault XP
 B = Vault XP
 C = Vault XP percentage of total XP
 D = Non-vault monster count
 E = Vault monster count
 F = Vault count percentage of total count
                 A         B        C        D         E       F
            +---------+---------+-------+---------+---------+-------
      Total |     227 |      35 |  13.4 |      71 |       1 |   1.4
            +---------+---------+-------+---------+---------+-------
        D:1 |      59 |       0 |   0.0 |      32 |       0 |   0.0
        D:2 |      42 |      35 |  45.5 |      19 |       1 |   5.0
        D:3 |      21 |       0 |   0.0 |      11 |       0 |   0.0
        D:4 |     105 |       0 |   0.0 |       9 |       0 |   0.0
            +---------+---------+-------+---------+---------+-------
